 Dungeon Crawl Stone Soup version 0.23.1 (webtiles) character file.

Game seed: 7028695715802918042

28665 Norn the Impaler (level 13, 0/109 HPs)
             Began as a Merfolk Skald on Mar 6, 2019.
             Was a High Priest of Okawaru.
             Slain by a seven-headed hydra (13 damage)
             ... on level 4 of the Lair of Beasts.
             The game lasted 01:00:40 (22761 turns).

Norn the Impaler (Merfolk Skald)                   Turns: 22761, Time: 01:00:41

Health: 0/109      AC: 15    Str: 13    XL:     13   Next: 40%
Magic:  18/18      EV: 22    Int: 12    God:    Okawaru [*****.]
Gold:   872        SH:  0    Dex: 19    Spells: 15/16 levels left

rFire    . . .     SeeInvis .   h - +1 trident
rCold    . . .     Gourm    .   (no shield)
rNeg     . . .     Faith    .   L - +2 scale mail {MR+}
rPois    .         Spirit   .   (no helmet)
rElec    .         Reflect  .   X - +2 cloak
rCorr    +         Harm     .   (no gloves)
MR       +....                  r - +1 pair of boots
Stlth    +++.......             R - amulet of the Real Monster {RegenMP Str-2 Dex+4 Stlth+}
HPRegen  0.28/turn              B - ring of resist corrosion
MPRegen  0.41/turn              (no ring)

@: heroism
A: change form in water, swift swim, stealthy swim
a: Heroism, Finesse, Renounce Religion


You were on level 4 of the Lair of Beasts.
You worshipped Okawaru.
Okawaru was extremely pleased with you.
You were hungry.

You visited 3 branches of the dungeon, and saw 17 of its levels.
You also visited: Gauntlet and Ice Cave.

You collected 944 gold pieces.
You spent 72 gold pieces at shops.

Inventory:

Hand Weapons
 h - a +1 trident (weapon)
   (You took it off an orc on level 3 of the Dungeon)
 u - a +3 halberd of venom
   (Okawaru gifted it to you on level 11 of the Dungeon)
 H - a +0 halberd of venom
   (You took it off a gnoll on level 7 of the Dungeon)
 P - a +2 bardiche of venom
   (Okawaru gifted it to you on level 11 of the Dungeon)
Missiles
 q - 526 stones (quivered)
 O - 2 throwing nets {!f}
 W - 5 curare-tipped needles {!f}
Armour
 m - a scarf of repulsion
   (Okawaru gifted it to you on level 1 of the Lair of Beasts)
 o - the +1 ring mail of Absence {*Slow rPois Str+7 Int+2, unknown}
   (You found it in a Gauntlet)

   It affects your strength (+7).
   It affects your intelligence (+2).
   It protects you from poison.
   It may slow you when you take damage.
 r - a +1 pair of boots (worn)
   (You found it on level 2 of the Dungeon)
 L - a +2 scale mail of magic resistance (worn)
   (You took it off Harold on level 8 of the Dungeon)
 X - a +2 cloak (worn)
   (You found it on level 11 of the Dungeon)
Jewellery
 B - a ring of resist corrosion (left hand)
   (You found it on level 4 of the Dungeon)
 K - an uncursed ring of fire
   (You found it on level 8 of the Dungeon)
 R - the amulet of the Real Monster (around neck) {RegenMP Str-2 Dex+4 Stlth+}
   (You found it on level 9 of the Dungeon)

   [amulet of magic regeneration]

   It increases your magic regeneration.
   It affects your strength (-2).
   It affects your dexterity (+4).
   It makes you more stealthy.
 V - an uncursed amulet of rage
   (You found it on level 11 of the Dungeon)
Wands
 c - a wand of disintegration (5)
   (You took it off a centaur on level 8 of the Dungeon)
 d - a wand of iceblast (7)
   (You found it on level 3 of the Lair of Beasts)
 t - a wand of flame (35)
   (You took it off Natasha on level 1 of the Dungeon)
 v - a wand of digging (4)
   (You found it on level 8 of the Dungeon)
 x - a wand of acid (10)
   (You found it on level 8 of the Dungeon)
 D - a wand of polymorph (10)
   (You found it on level 6 of the Dungeon)
 Q - a wand of clouds (9)
   (You found it on level 9 of the Dungeon)
Scrolls
 b - a scroll of brand weapon {unknown}
 i - 5 scrolls of noise {!r}
 j - 3 scrolls of teleportation {@r4}
 p - a scroll of magic mapping
 s - a scroll of amnesia
 y - 3 scrolls of enchant weapon
 A - a scroll of fog
 E - a scroll of identify {@r1}
 G - 3 scrolls of acquirement {unknown}
 I - 4 scrolls of remove curse {@r2}
 J - 2 scrolls of summoning
 N - 3 scrolls of enchant armour
Potions
 f - a potion of mutation {!q}
 g - 3 potions of might
 k - 5 potions of brilliance
 l - a potion of invisibility {unknown}
 n - 2 potions of cancellation
 w - 3 potions of agility
 z - 3 potions of flight
 C - 6 potions of curing {@q1}
 F - a potion of degeneration {unknown}
 M - a potion of ambrosia
 S - 4 potions of heal wounds {@q2}
 T - a potion of resistance
 U - 2 potions of haste {unknown}
 Y - a potion of berserk rage
Miscellaneous
 a - a fan of gales
   (You found it on level 11 of the Dungeon)
 Z - a phantom mirror
Comestibles
 e - 38 rations {!d}


   Skills:
 + Level 12.8(17.8) Fighting
 + Level 18.1(23.1) Polearms
 - Level 0.6(5.6) Armour
 + Level 14.9(19.9) Dodging
 - Level 2.0 Spellcasting
 - Level 3.2 Charms
 - Level 7.0 Invocations


You had 15 spell levels left.
You knew the following spells:

 Your Spells              Type           Power        Failure   Level  Hunger
a - Infusion              Chrm           #...         28%         1    ##.....

Your spell library contained the following spells:

 Spells                   Type           Power        Failure   Level  Hunger
 Song of Slaying          Chrm           #.......     41%         2    ###....
 Shroud of Golubria       Chrm/Tloc      #.........   65%         2    ###....
 Animate Skeleton         Necr           N/A          73%         1    ##.....
 Apportation              Tloc           #.....       73%         1    ##.....
 Confusing Touch          Hex            #.....       73%         1    ##.....
 Summon Butterflies       Summ           #.......     73%         1    ##.....
 Summon Small Mammal      Summ           #...         73%         1    ##.....
 Sublimation of Blood     Necr           #.........   86%         2    ###....
 Regeneration             Chrm/Necr      #.........   86%         3    ####...
 Spectral Weapon          Hex/Chrm       #.......     86%         3    ####...
 Call Canine Familiar     Summ           #.......     97%         3    ####...
 Mephitic Cloud           Conj/Pois/Air  #.......     97%         3    ####...
 Summon Ice Beast         Ice/Summ       #.......     100%        4    #####..
 Summon Mana Viper        Hex/Summ       #.......     100%        5    ######.
 Simulacrum               Ice/Necr       #.........   100%        6    #######
 Summon Hydra             Summ           #.........   100%        7    #######
 Tornado                  Air            #.........   100%        9    #######


Dungeon Overview and Level Annotations

Branches:
Dungeon (12/15)            Temple (1/1) D:6            Lair (4/6) D:9
 Shoals (0/4) Lair:3       Spider (0/4) Lair:2          Orc (0/2) D:11

Altars:
Ashenzari
Cheibriados
Dithmenos
Elyvilon
Fedhas
Gozag
Hepliaklqana
Kikubaaqudgha
Makhleb
Nemelex Xobeh
Okawaru
Qazlal
Ru
Sif Muna
Trog
Uskayaw
Vehumet
Wu Jian
Xom
Yredelemnul
Zin
The Shining One

Shops:
D:8 ?}[(   D:9 *

Annotations:
D:4 2 runed translucent doors, Delanovic's ghost, amateur GnWn


Message History

The seven-headed hydra bites you! The seven-headed hydra misses you.
The seven-headed hydra bites you. The seven-headed hydra misses you.
The seven-headed hydra barely misses you.
You impale the seven-headed hydra!! You punch the seven-headed hydra.
You are feeling hungry.
You puncture the seven-headed hydra!
The seven-headed hydra closely misses you. x2
The seven-headed hydra bites you.
The seven-headed hydra closely misses you.
The seven-headed hydra bites you!
The seven-headed hydra completely misses you. x2
You impale the seven-headed hydra!! You hit the seven-headed hydra.
The seven-headed hydra bites you but does no damage.
The seven-headed hydra bites you!
The seven-headed hydra closely misses you.
The seven-headed hydra bites you!
* * * LOW HITPOINT WARNING * * *
The seven-headed hydra completely misses you. x3
You puncture the seven-headed hydra! The seven-headed hydra misses you.
The seven-headed hydra barely misses you.
The seven-headed hydra bites you.
* * * LOW HITPOINT WARNING * * *
The seven-headed hydra bites you but does no damage.
The seven-headed hydra misses you. x2
The seven-headed hydra bites you but does no damage.
You hit the seven-headed hydra. You hit the seven-headed hydra.
The seven-headed hydra completely misses you.
The seven-headed hydra bites you!
* * * LOW HITPOINT WARNING * * *
The seven-headed hydra bites you.
* * * LOW HITPOINT WARNING * * *
The seven-headed hydra closely misses you.
The seven-headed hydra misses you. x2
The seven-headed hydra barely misses you.
You puncture the seven-headed hydra! You hit the seven-headed hydra.
The seven-headed hydra barely misses you.
The seven-headed hydra misses you. The seven-headed hydra bites you.
* * * LOW HITPOINT WARNING * * *
The seven-headed hydra barely misses you. x2
The seven-headed hydra closely misses you.
The seven-headed hydra bites you but does no damage.
You hit the seven-headed hydra. The seven-headed hydra bites you.
* * * LOW HITPOINT WARNING * * *
The seven-headed hydra bites you!
* * * LOW HITPOINT WARNING * * *
The seven-headed hydra misses you. The seven-headed hydra bites you!
You die...

##.............#..
#...............#
#..............##
##..............#
#..............##
#.............#
#..>.............
#..............##
##.:..@........#
#.$..D........#
#.............#
#.............#
#..............#
##.............
.............
P.#...........


You could see a seven-headed hydra.

Vanquished Creatures
  A minotaur (Gauntlet)
  A green death (Gauntlet)
  2 hydras
  Harold (D:8)
  5 two-headed ogres
  Erica (D:8)
  A manticore (D:11)
  A cyclops (D:11)
  A black mamba (Lair:1)
  A gargoyle (D:11)
  3 spiny frogs
  3 komodo dragons
  3 polar bears (Lair:1)
  2 trolls
  A queen bee (Lair:2)
  Prince Ribbit (D:7)
  6 dream sheep (Lair:2)
  4 blink frogs (Lair:1)
  9 hippogriffs
  A snapping turtle (Lair:3)
  3 centaur simulacra (Gauntlet)
  19 yaks
  A human (D:7)
  A basilisk (Lair:3)
  4 hogs (D:7)
  Menkaure (D:6)
  A hungry ghost (D:11)
  A harpy simulacrum (Gauntlet)
  6 water moccasins
  7 porcupines
  A black bear (D:11)
  12 ice beasts
  3 sky beasts
  3 orc warriors
  5 ogres
  2 phantoms
  9 centaurs
  4 crocodiles
  2 big kobolds (D:9)
  6 bullfrogs
  4 jellies (D:10)
  3 scorpions
  35 killer bees
  9 wights
  An electric eel (Lair:3)
  6 crimson imps
  2 bullfrog zombies
  A centaur zombie (D:9)
  A gnoll shaman (D:8)
  3 hounds
  A quasit (D:9)
  8 orc wizards
  7 orc priests
  Jessica (D:2)
  3 iguanas
  5 worker ants
  Natasha (thrice) (D:2 D:1)
  2 hound skeletons
  A howler monkey zombie (D:5)
  A worker ant zombie (D:8)
  A howler monkey skeleton (D:11)
  9 adders
  15 gnolls
  3 shadow imps
  2 oozes
  2 adder skeletons (D:5)
  4 worms
  2 dart slugs
  9 leopard geckos
  30 orcs
  A ball python (D:6)
  7 bats
  5 giant cockroaches
  8 goblins
  6 hobgoblins
  17 jackals
  11 kobolds
  3 quokkas
  5 frilled lizards
  A jackal skeleton (D:7)
  A leopard gecko zombie (D:5)
  9 rats
387 creatures vanquished.

Vanquished Creatures (others)
  9 fungi
  18 plants (Gauntlet)
27 creatures vanquished.

Grand Total: 414 creatures vanquished

Notes
Turn   | Place    | Note
-------+----------+-------------------------------------------
     0 | D:1      | Norn the Merfolk Skald began the quest for the Orb.
     0 | D:1      | Reached XP level 1. HP: 16/16 MP: 3/3
   119 | D:1      | Reached XP level 2. HP: 14/23 MP: 5/5
   602 | D:1      | Reached skill level 4 in Polearms
   683 | D:1      | Reached XP level 3. HP: 28/28 MP: 6/6
  1308 | D:2      | Noticed Natasha
  1349 | D:2      | Killed Natasha
  1349 | D:2      | Reached XP level 4. HP: 14/35 MP: 7/7
  1428 | D:2      | Noticed Natasha
  1540 | D:2      | Killed Natasha
  1540 | D:2      | Reached skill level 5 in Polearms
  1551 | D:2      | Noticed Natasha
  1738 | D:1      | Killed Natasha
  1738 | D:1      | Reached XP level 5. HP: 34/41 MP: 8/8
  1910 | D:2      | Noticed Jessica
  1939 | D:2      | Killed Jessica
  2239 | D:2      | Reached skill level 6 in Polearms
  3302 | D:3      | Reached XP level 6. HP: 19/48 MP: 9/9
  3820 | D:3      | Reached skill level 7 in Polearms
  4098 | D:4      | Found a burning altar of Makhleb.
  4102 | D:4      | Noticed an Executioner
  4103 | D:4      | Found a glowing silver altar of Zin.
  4103 | D:4      | Noticed an angel
  4145 | D:4      | Reached skill level 5 in Dodging
  4333 | D:4      | Found a runed translucent door.
  4333 | D:4      | Noticed Delanovic's ghost (amateur GnWn)
  4387 | D:4      | Found a runed translucent door.
  4851 | D:4      | Found an opulent altar of Gozag.
  4852 | D:4      | Found a sparkling altar of Nemelex Xobeh.
  4914 | D:4      | Reached XP level 7. HP: 25/55 MP: 10/10
  5464 | D:5      | Entered Level 5 of the Dungeon
  5536 | D:5      | Reached skill level 8 in Polearms
  6033 | D:5      | Reached skill level 5 in Fighting
  6196 | D:5      | Reached skill level 9 in Polearms
  6808 | D:6      | Reached XP level 8. HP: 36/62 MP: 11/11
  7703 | D:6      | Found a staircase to the Ecumenical Temple.
  7712 | Temple   | Entered the Ecumenical Temple
  8001 | Temple   | Became a worshipper of Warmaster Okawaru
  8209 | D:5      | Reached skill level 10 in Polearms
  8697 | D:6      | Found a sparkling altar of Nemelex Xobeh.
  8708 | D:6      | Noticed Menkaure
  8770 | D:6      | Killed Menkaure
  8876 | D:6      | Reached * piety under Okawaru
  8876 | D:6      | Reached skill level 11 in Polearms
  9333 | D:6      | Reached XP level 9. HP: 71/71 MP: 9/12
 10379 | D:7      | Identified the Collected Works on the Lethal Birds
 10384 | D:7      | Reached skill level 12 in Polearms
 10868 | D:7      | Noticed Prince Ribbit
 10888 | D:7      | Killed Prince Ribbit
 10888 | D:7      | Reached ** piety under Okawaru
 11145 | D:7      | Reached skill level 13 in Polearms
 11161 | D:7      | Reached XP level 10. HP: 46/80 MP: 13/13
 11446 | D:8      | Noticed Psyche
 11448 | D:8      | Noticed Psyche
 11448 | D:8      | Psyche changed into Psyche the centaur
 11453 | D:8      | Killed Psyche the centaur
 11682 | D:8      | Noticed a two-headed ogre
 11719 | D:8      | Killed a two-headed ogre
 11719 | D:8      | Reached *** piety under Okawaru
 11719 | D:8      | Reached skill level 14 in Polearms
 11752 | D:8      | Found Syapp's Magic Scroll Shop.
 11866 | D:8      | Bought 2 scrolls of teleportation for 72 gold pieces
 12095 | D:8      | Reached skill level 10 in Dodging
 12218 | D:8      | Noticed Erica
 12240 | D:8      | Killed Erica
 12250 | D:8      | Found a bloodstained altar of Trog.
 12376 | D:8      | Found Ubeaxyl's Armour Shoppe.
 12386 | D:8      | Noticed Harold
 12394 | D:8      | Found Buzuck's Antique Weapon Shoppe.
 12413 | D:8      | Killed Harold
 12413 | D:8      | Reached **** piety under Okawaru
 12413 | D:8      | Received a gift from Okawaru
 12413 | D:8      | Reached skill level 15 in Polearms
 12794 | D:8      | Noticed a two-headed ogre
 12802 | D:8      | Killed a two-headed ogre
 12809 | D:8      | Reached XP level 11. HP: 84/89 MP: 12/14
 12907 | D:8      | Found Unydess's Gadget Shoppe.
 13007 | D:9      | Got a sparkling steel amulet
 13120 | D:9      | Found a basalt altar of Yredelemnul.
 13208 | D:9      | Found Issoev's Elemental Accessories.
 13284 | D:9      | Found a staircase to the Lair.
 13311 | D:9      | Reached skill level 16 in Polearms
 13315 | D:9      | Reached ***** piety under Okawaru
 13502 | D:9      | Found a hide-covered altar of Uskayaw.
 13575 | D:9      | Found a white marble altar of Elyvilon.
 13637 | D:9      | Found a blossoming altar of Fedhas.
 13678 | D:10     | Entered Level 10 of the Dungeon
 13721 | D:10     | Reached skill level 1 in Invocations
 14100 | D:10     | Reached skill level 10 in Fighting
 14250 | D:10     | Noticed a two-headed ogre
 14261 | D:10     | Killed a two-headed ogre
 14368 | D:10     | Noticed a two-headed ogre
 14376 | D:10     | Killed a two-headed ogre
 15214 | D:11     | Identified the amulet of the Real Monster {RegenMP Str-2
                  | Dex+4 Stlth+} (You found it on level 9 of the Dungeon)
 15257 | D:11     | Found a frozen archway.
 15304 | D:11     | Received a gift from Okawaru
 15524 | IceCv    | Entered an ice cave
 15524 | IceCv    | Noticed a white ugly thing
 15564 | D:11     | Found a staircase to the Orcish Mines.
 15909 | D:11     | Reached XP level 12. HP: 78/99 MP: 15/15
 16018 | D:11     | Reached skill level 5 in Invocations
 16111 | D:11     | Noticed a two-headed ogre
 16126 | D:11     | Killed a two-headed ogre
 16470 | D:11     | Noticed a seven-headed hydra
 17682 | D:11     | Killed a seven-headed hydra
 17682 | D:11     | Received a gift from Okawaru
 18019 | Lair:1   | Entered Level 1 of the Lair of Beasts
 18019 | Lair:1   | Found a gate leading to a gauntlet.
 18023 | Gauntlet | Entered a Gauntlet
 18023 | Gauntlet | Found a transporter.
 18026 | Gauntlet | Found a transporter.
 18040 | Gauntlet | Found a transporter.
 18040 | Gauntlet | Noticed a dire elephant
 18044 | Gauntlet | Found a transporter.
 18062 | Gauntlet | Found a transporter.
 18062 | Gauntlet | Noticed an entropy weaver
 18075 | Gauntlet | Found a transporter.
 18075 | Gauntlet | Noticed a blizzard demon
 18080 | Gauntlet | Found a transporter.
 18084 | Gauntlet | Found a transporter.
 18107 | Gauntlet | Found a transporter.
 18126 | Gauntlet | Found a transporter.
 18128 | Gauntlet | Found a transporter.
 18133 | Gauntlet | Noticed a green death
 18139 | Gauntlet | Found a transporter.
 18235 | Gauntlet | Killed a green death
 18569 | Gauntlet | Got a heavily runed tin ring
 18588 | Gauntlet | Noticed a minotaur
 18600 | Gauntlet | Killed a minotaur
 18603 | Gauntlet | Identified the ring of Buil {Wiz +Fly rC- Int+6} (You found
                  | it in a Gauntlet)
 18610 | Gauntlet | Got a slimy ring mail
 18708 | Lair:1   | Reached skill level 17 in Polearms
 18718 | Lair:1   | Reached ****** piety under Okawaru
 18760 | Lair:1   | Received a gift from Okawaru
 19951 | Lair:2   | Found a hole to the Spider Nest.
 20004 | Lair:2   | Reached XP level 13. HP: 64/108 MP: 15/18
 22169 | Lair:3   | Found a staircase to the Shoals.
 22183 | Lair:3   | Reached skill level 18 in Polearms
 22761 | Lair:4   | Slain by a seven-headed hydra

Skill      XL: |  1  2  3  4  5  6  7  8  9 10 11 12 13 |
---------------+----------------------------------------+-----
Dodging        | 3 4 5 6 7 9 10 12 14 | 14.9
Polearms       | 4 5 6 7 9 11 13 15 16 17 18 | 18.1
Fighting       | 3 4 5 6 7 9 10 12 | 12.8
Invocations    | 4 7 |  7.0
Armour         | |  0.6
Spellcasting   | |  2.0
Charms         | |  3.2

Action                   |  1- 3 |  4- 6 |  7- 9 | 10-12 | 13-15 || total
-------------------------+-------+-------+-------+-------+-------++-------
Melee: Spear             |   149 |   215 |       |       |       ||   364
       Trident           |       |   173 |   417 |    17 |    21 ||   628
       Halberd           |       |       |    39 |   767 |   242 ||  1048
       Tailslap          |       |       |     2 |       |       ||     2
       Punch             |       |       |       |       |     1 ||     1
Invok: Heroism           |       |       |     5 |    16 |     5 ||    26
       Finesse           |       |       |       |     1 |       ||     1
Evoke: Wand              |       |       |     7 |     6 |     1 ||    14
  Use: Scroll            |       |     7 |     3 |    20 |     1 ||    31
       Potion            |       |       |     1 |     2 |       ||     3
 Stab: Distracted        |       |       |       |     3 |       ||     3
       Sleeping          |       |       |       |       |     1 ||     1
  Eat: Chunk             |     1 |    12 |    13 |    25 |     4 ||    55
       Ration            |       |       |     2 |     2 |     1 ||     5
Armor: Leather armour    |     3 |       |       |       |       ||     3
       Ring mail         |    38 |   105 |   101 |    11 |       ||   255
       Scale mail        |       |       |       |   159 |    48 ||   207
Dodge: Dodged            |    68 |   169 |   226 |   470 |   247 ||  1180
